Map: Frozen Temple

Players

Cloud

  • Race: Protoss Protoss
  • League: Bronze
  • Spawn Location: 5:00

Fropez - Winner!

  • Race: Protoss Protoss
  • League: Gold
  • Spawn Location: 11:00

VOD

Have the link to the VOD?

Description

Time

  • Played on: Oct. 6, 2016, 6:58 p.m.
  • Length: 5:33
Show
View Real Time Build Order
Export as new Build Order

Cloud Protoss 

Build Orders: 1 Gate Expand, Double Forge, Blink Stalkers 

Get SALT Encoding   

  12  0:01  Probe (Chrono Boost)  
  13  0:12  Probe (Chrono Boost)  
  14  0:18  Pylon  
  14  0:22  Probe (Chrono Boost)  
  15  0:36  Gateway  
  15  0:39  Probe (Chrono Boost)  
  16  1:11  Nexus  
  16  1:14  Assimilator  
  16  1:16  Probe (Chrono Boost)  
  17  1:30  Cybernetics Core  
  17  1:47  Probe (Chrono Boost)  
  17  1:51  Assimilator  
  18  2:03  Probe (Chrono Boost)  
  18  2:08  Warp Gate (Chrono Boost)  
  19  2:19  Probe  
  19  2:21  Probe  
  21  2:30  Pylon  
  21  2:31  Probe  
  21  2:32  Probe  
  23  2:44  Twilight Council  
  23  2:50  Gateway  
  23  2:51  Probe  
  23  2:52  Probe  
  25  3:00  Stalker  
  25  3:01  Probe  
  25  3:04  Probe  
  29  3:12  Probe  
  29  3:18  Pylon  
  30  3:23  Gateway  
  26  3:44  Blink (Chrono Boost)  
  26  3:47  Probe  
  26  3:57  Pylon  
  26  3:58  Probe  
  26  4:03  Forge  
  26  4:05  Forge  
  25  4:15  Stalker  
  26  4:18  Stalker  
  28  4:25  Probe  
  28  4:26  Probe  
  30  4:36  Probe  
  31  4:42  Probe  
  32  4:47  Probe  
  33  4:54  Probe  
  33  4:57  Probe  
  35  5:02  Photon Cannon  
  35  5:05  Photon Cannon  
  35  5:12  Stalker  
Show
View Real Time Build Order
Export as new Build Order

Fropez Protoss - Winner!

Build Orders: 1 Gate Expand, Mass Adepts 

Get SALT Encoding   

  12  0:02  Probe (Chrono Boost)  
  13  0:15  Pylon  
  13  0:18  Probe (Chrono Boost)  
  15  0:28  Probe (Chrono Boost)  
  15  0:35  Gateway  
  15  0:39  Probe (Chrono Boost)  
  16  0:49  Probe (Chrono Boost)  
  17  0:56  Assimilator  
  17  1:02  Probe (Chrono Boost)  
  18  1:29  Cybernetics Core  
  18  1:39  Probe (Chrono Boost)  
  19  1:40  Nexus  
  19  1:45  Pylon  
  19  1:50  Probe (Chrono Boost), Assimilator  
  20  2:00  Probe (Chrono Boost)  
  21  2:06  Adept  
  21  2:07  Warp Gate (Chrono Boost)  
  24  2:15  Probe  
  24  2:19  Gateway  
  24  2:20  Gateway  
  24  2:25  Pylon  
  24  2:27  Probe  
  25  2:33  Pylon  
  25  2:39  Probe  
  26  2:48  Adept  
  28  2:52  Probe  
  29  3:02  Forge  
  29  3:04  Probe  
  29  3:05  Pylon  
  30  3:09  Adept  
  32  3:15  Adept  
  34  3:35  Adept  
  36  3:41  Photon Cannon  
  36  3:46  Pylon  
  36  3:48  Probe  
  35  4:00  Probe  
  36  4:12  Probe  
  37  4:17  Twilight Council  
  37  4:20  Gateway  
  37  4:21  Photon Cannon  
  35  4:35  Adept x2  
  37  4:44  Adept  
  39  4:57  Adept x2  
  43  5:03  Mothership Core  
Tags
 
Add a new tag
Caveats
  • Supply blocks, unpowered buildings, or Contaminate may cause inaccurate times.
  • Supply counts are checked every 10 seconds.